 Dungeon Crawl Stone Soup version 0.28.0-53-g5a82cb258f (webtiles) character file.

Game seed: 10788829333039152148

2471 Gabide the Nimble (level 9, 0/59 HPs)
             Began as a Tengu Monk on June 2, 2022.
             Was a High Priest of Qazlal.
             Slain by an orc warrior
             ... wielding a +0 battleaxe
              (11 damage)
             ... on level 8 of the Dungeon.
             The game lasted 00:08:38 (8013 turns).

Gabide the Nimble (Tengu Monk)                      Turns: 8013, Time: 00:08:41

Health: 0/59       AC:  5    Str: 11    XL:     9   Next: 51%
Magic:  0/10       EV: 21    Int: 17    God:    Qazlal [*****.]
Gold:   279        SH:  6    Dex: 21    Spells: 8/8 levels left

rFire   + + .      SeeInvis +   q - +0 glaive (flame)
rCold   . . .      Faith    .   (shield currently unavailable)
rNeg    . . .      Spirit   +   j - +0 leather armour of Ignis's Hope {rF++}
rPois   .          Reflect  .   (helmet restricted)
rElec   .          Harm     .   A - +1 cloak
rCorr   .          Rampage  .   (no gloves)
Will    .....                   (boots unavailable)
Stlth   +.........              k - amulet of guardian spirit
HPRegen 0.19/turn               i - +6 ring of intelligence
MPRegen 0.12/turn               B - ring of see invisible

@: flying quickly and evasively, repel missiles, quick
A: beak, talons 3, nimble flight
a: Renounce Religion, Upheaval, Elemental Force, Disaster Area


You were on level 8 of the Dungeon.
You worshipped Qazlal.
Qazlal was extremely pleased with you.
You visited 1 branch of the dungeon, and saw 8 of its levels.
You also visited: Sewer.

You collected 409 gold pieces.
You spent 130 gold pieces at shops.

Inventory:

Hand Weapons
 e - a +0 trident
 q - a +0 glaive of flaming (weapon)
Missiles
 d - a throwing net (quivered)
 p - 6 boomerangs
Armour
 j - the +0 leather armour of Ignis's Hope (worn) {rF++}
   (You found it on level 4 of the Dungeon)

   rF:        It greatly protects you from fire.
 A - a +1 cloak (worn)
Jewellery
 i - a +6 ring of intelligence (left hand)
 k - an amulet of guardian spirit (around neck)
 B - a ring of see invisible (right hand)
Wands
 x - a wand of iceblast (20)
Scrolls
 a - 2 scrolls of immolation {unknown}
 g - a scroll of enchant weapon {unknown}
 m - a scroll of vulnerability
 o - a scroll of blinking
 r - 4 scrolls of teleportation
 s - a scroll of fog
 t - a scroll of brand weapon
 u - a scroll of fear {unknown}
 v - a scroll of magic mapping {unknown}
 y - a scroll of holy word {unknown}
 D - a scroll of enchant armour {unknown}
Potions
 b - 2 potions of cancellation
 c - a potion of haste {unknown}
 f - a potion of berserk rage {unknown}
 h - 2 potions of heal wounds
 l - 2 potions of might
 n - 2 potions of brilliance {unknown}
 w - a potion of resistance {unknown}
 z - a potion of curing {unknown}
 C - a potion of invisibility {unknown}


   Skills:
 + Level 7.8 Fighting
 + Level 8.6 Polearms
 + Level 8.6 Dodging
 - Level 2.0 Stealth


You had 8 spell levels left.
You didn't know any spells.
Your spell library contained the following spells:

 Spells                   Type           Power      Damage    Failure   Level
 Animate Skeleton         Necr           0%         N/A       30%         1
 Pain                     Necr           0%         1d4       30%         1
 Vampiric Draining        Necr           0%         2d6       67%         3
 Animate Armour           Summ/Erth      0%         N/A       97%         4
 Blade Hands              Tmut           0%         N/A       100%        5
 Iron Shot                Conj/Erth      0%         9d1       100%        6


Dungeon Overview and Level Annotations

Branches:
Dungeon (8/15)             Temple (0/1) D:5           Sewer (visited)
   Lair: D:8-11

Altars:
Qazlal
Sif Muna

Shops:
D:6 (


Innate Abilities, Weirdness & Mutations

You have a beak for a mouth.
You have claws for feet.
Your magical nature lets you fly swiftly and evasively.


Message History

Found 18 stones.
An orc priest comes into view. It is wielding a +0 mace.
There are monsters nearby!
There are monsters nearby!
There is a dry fountain here.
You reach to attack!
You hit the orc priest. You burn the orc priest.
The orc priest is heavily wounded.
The orc priest calls upon Beogh to heal the orc priest.
The orc priest is healed somewhat.
You reach to attack!
You hit the orc warrior but do no damage.
The orc priest miscasts a cantrip.
You hit the orc warrior but do no damage.
You claw the orc warrior, but do no damage.
The orc warrior closely misses you.
You hit the orc warrior but do no damage.
Your kick misses the orc warrior.
You peck the orc warrior, but do no damage.
The orc warrior barely misses you.
The orc priest mumbles some strange prayers to Beogh against you.
Beogh smites you!
You slash the orc warrior! You burn the orc warrior.
You claw the orc warrior, but do no damage.
The orc warrior is heavily wounded.
The orc priest invokes the aid of Beogh against you.
Pain shoots through your body! The orc warrior closely misses you.
The orc priest mumbles some strange prayers to Beogh against you.
Pain shoots through your body! The orc warrior barely misses you.
The orc priest calls upon Beogh to heal the orc warrior.
The orc warrior is healed somewhat.
There is a dry fountain here.
There is a stone staircase leading up here.
The orc priest invokes the aid of Beogh against you.
Beogh smites you!
The orc priest calls down the wrath of Beogh upon you.
Beogh smites you!
* * * LOW HITPOINT WARNING * * *
The orc warrior hits you with a +0 battleaxe!
You die...

###
##@##
#.o.#
#.⌠.#
#...#
##o##
#o#
...
.⌠.
#(..#


You could see an orc warrior and 2 orc priests.

Vanquished Creatures
  Psyche (D:7)
  Grinder (D:6)
  Menkaure (D:6)
  A water moccasin (D:7)
  Pargi (Sewer)
  4 sky beasts
  3 ogres
  A phantom (D:5)
  Blork the orc (D:6)
  2 bullfrogs
  A scorpion (D:6)
  3 wights
  A centaur zombie (D:7)
  5 hounds
  An orc priest (D:4)
  A centaur skeleton (D:5)
  A jelly (D:5)
  3 orc wizards (D:4)
  A howler monkey skeleton (D:5)
  15 adders
  A shadow imp (D:6)
  2 white imps
  2 worms
  5 dart slugs
  14 orcs
  5 endoplasms
  7 giant cockroaches
  8 goblins
  7 hobgoblins
  8 jackals
  4 quokkas
  14 ball pythons
  3 bats
  9 frilled lizards
  8 kobolds
  4 rats
149 creatures vanquished.

Notes
Turn   | Place    | Note
-------+----------+-------------------------------------------
     0 | D:1      | Gabide the Tengu Monk began the quest for the Orb.
     0 | D:1      | Reached XP level 1. HP: 14/14 MP: 2/2
    73 | D:1      | Found a faded altar of an unknown god.
   101 | D:1      | Prayed at the altar of an unknown god.
   101 | D:1      | Became a worshipper of Qazlal Stormbringer
   101 | D:1      | Reached * piety under Qazlal
   101 | D:1      | Reached ** piety under Qazlal
   176 | D:1      | Reached XP level 2. HP: 19/19 MP: 3/3
   257 | D:1      | Reached *** piety under Qazlal
   519 | D:1      | Reached XP level 3. HP: 23/23 MP: 4/4
  1449 | D:2      | Reached XP level 4. HP: 16/29 MP: 5/5
  2242 | D:3      | Reached **** piety under Qazlal
  2362 | D:3      | Gained mutation: Your magical nature lets you fly swiftly
                  | and evasively. [Tengu growth]
  2362 | D:3      | Reached XP level 5. HP: 32/33 MP: 6/6
  2426 | D:3      | Found the +8 trident of the Octopus King {venom, rElec
                  | rPois}
  2441 | D:3      | Found a shimmering blue altar of Sif Muna.
  2977 | D:3      | You are sucked into a shaft and drop 3 floors!
  2977 | D:6      | Noticed Blork the orc
  2987 | D:6      | Killed Blork the orc
  3128 | D:6      | Reached skill level 5 in Dodging
  3128 | D:6      | Reached XP level 6. HP: 35/39 MP: 7/7
  3168 | D:6      | Reached skill level 5 in Polearms
  3363 | D:6      | Found Vikor's Antique Weapon Boutique.
  3385 | D:6      | Bought a glaive for 130 gold pieces
  3441 | D:6      | Found a glowing drain.
  3469 | Sewer    | Entered a sewer
  3734 | Sewer    | Noticed Pargi
  3741 | Sewer    | Killed Pargi
  3742 | Sewer    | Reached skill level 5 in Fighting
  3742 | Sewer    | Reached XP level 7. HP: 25/44 MP: 3/8
  4439 | D:5      | Entered Level 5 of the Dungeon
  5120 | D:5      | Found a staircase to the Ecumenical Temple.
  5210 | D:5      | Reached XP level 8. HP: 44/51 MP: 6/9
  6219 | D:4      | Identified the +0 leather armour of Ignis's Hope {rF++}
  6585 | D:4      | Reached ***** piety under Qazlal
  6877 | D:6      | Noticed Menkaure
  6881 | D:6      | Killed Menkaure
  7117 | D:6      | Noticed Grinder
  7136 | D:6      | Paralysed by Grinder for 7 turns
  7150 | D:6      | Killed Grinder
  7151 | D:6      | Reached XP level 9. HP: 43/57 MP: 7/10
  7840 | D:8      | Noticed a troll
  7842 | D:8      | Noticed Psyche
  7850 | D:7      | Killed Psyche
  8013 | D:8      | Slain by an orc warrior

Illustrated notes

Levels and vault maps discovered:
D:1:      minmay_arrival_semitransparent, layout_loops_corners,
          ebering_ecumenical_altar_hall, minmay_misc_feat_iff
D:2:      layout_basic, minmay_pentomino_z2
D:3:      layout_loops_ring, nicolae_sif_muna_condensation,
          serial_co_window_serial, co_window_corner_a, co_window_paths_a,
          co_window_corner_a, co_window_paths_a, co_window_paths_a,
          co_window_paths_c, co_window_broadway_b, co_window_corner_b,
          co_window_unsneaky_path_d, glass_columns_a, glass_columns_b,
          glass_columns_b, glass_columns_a, st_stairs_12
D:4:      layout_rooms
D:5:      layout_loops_corners, minmay_temple_entry_stoned_glass
D:6:      layout_layer_cave, gup_sewer_entry_glass, serial_shops,
          nicolae_shop_temple_entry_statues_fountains, uniq_grinder,
          uniq_blork_the_orc, uniq_menkaure
D:7:      layout_basic
D:8:      layout_rooms, enter_bailey_5, small_chamber_with_monster,
          grunt_ministairs_5, uniq_psyche

Skill      XL: |  1  2  3  4  5  6  7  8 |
---------------+-------------------------+-----
Dodging        | 4 5 6 8 |  8.6
Polearms       | 4 5 6 8 |  8.6
Fighting       | 4 5 7 |  7.8
Stealth        | |  2.0

Action                   |  1- 3 |  4- 6 |  7- 9 || total
-------------------------+-------+-------+-------++-------
Melee: Spear             |     6 |       |       ||     6
       Trident           |    97 |    92 |       ||   189
       Kick              |    17 |    37 |    48 ||   102
       Peck              |     8 |    14 |    33 ||    55
       Punch             |       |     1 |       ||     1
       Glaive            |       |    34 |   174 ||   208
Throw: Throwing net      |       |       |     5 ||     5
       Boomerang         |       |       |     4 ||     4
  Use: Potion            |       |     1 |       ||     1
       Scroll            |       |       |     7 ||     7
 Stab: Sleeping          |     2 |       |       ||     2
Armor: Leather armour    |    10 |    13 |    19 ||    42
       Skin              |       |       |    10 ||    10
Dodge: Dodged            |    28 |    78 |   125 ||   231
       Repelled          |       |     1 |     1 ||     2
Block: Other             |     9 |    25 |    36 ||    70
